 Dungeon Crawl Stone Soup version 0.21-a0-88-g13b9641 (webtiles) character file.

104 smhtbhfam the Ruffian (level 4, -7/41 HPs)
             Began as an Ogre Wanderer on June 27, 2017.
             Mangled by an ogre
             ... wielding a +0 giant spiked club
              (31 damage)
             ... on level 4 of the Dungeon.
             The game lasted 00:16:24 (2557 turns).

smhtbhfam the Ruffian (Ogre Wanderer)               Turns: 2557, Time: 00:16:25

Health: -7/41      AC:  5    Str: 15    XL:     4   Next: 80%
Magic:  4/4        EV: 10    Int: 15    God:
Gold:   195        SH:  0    Dex:  8    Spells: 3/3 levels left

rFire    . . .     SeeInvis .   a - +0 spear
rCold    + . .     Gourm    .   (no shield)
rNeg     . . .     Faith    .   u - +2 robe
rPois    .         Spirit   .   (helmet restricted)
rElec    .         Reflect  .   (no cloak)
rCorr    .         Harm     .   (gloves unavailable)
MR       .....                  (boots unavailable)
Stlth    +.........             B - amulet of regeneration
HPRegen  0.53/turn              w - ring of protection from cold
MPRegen  0.09/turn              (no ring)

@: no status effects
A: unfitting armour, tough skin 1
a: no special abilities


You were on level 4 of the Dungeon.
You were hungry.

You visited 1 branch of the dungeon, and saw 5 of its levels.

You collected 195 gold pieces.

Inventory:

Hand Weapons
 a - a +0 spear (weapon)
 b - a +0 hunting sling
 f - a +0 blowgun
Missiles
 m - 5 large rocks (quivered)
 v - 72 stones
 A - 15 sling bullets
Armour
 u - a +2 robe (worn)
Jewellery
 n - an uncursed ring of ice
 w - a ring of protection from cold (left hand)
 B - an amulet of regeneration (around neck)
 C - an uncursed ring of wizardry
Scrolls
 e - 4 scrolls of remove curse {@r2}
 h - 3 scrolls of identify {@r1}
 q - 2 scrolls of enchant weapon {unknown}
 s - a scroll of enchant armour
 t - a scroll of fog {unknown}
 x - 3 scrolls of immolation {unknown}
 y - a scroll of amnesia {unknown}
 D - a scroll of fear {unknown}
Potions
 c - a potion of curing {@q1}
 i - 2 potions of haste
 j - a potion of brilliance {unknown}
 o - a potion of agility
 r - 3 potions of mutation {unknown}
 z - 2 potions of heal wounds {unknown}
Comestibles
 d - 2 bread rations
 g - a meat ration
 l - a royal jelly


   Skills:
 - Level 1.3 Fighting
 - Level 2.0 Polearms
   Level 1.0 Crossbows
 - Level 2.6 Dodging
 - Level 1.0 Stealth
   Level 1.7 Shields
 + Level 3.8 Unarmed Combat


You had 3 spell levels left.
You didn't know any spells.

Dungeon Overview and Level Annotations

Branches:
Dungeon (5/15)
 Temple: D:4-7

Altars:

Annotations:
D:4 ogre, orc p
D:5 exclusion: centaur


Innate Abilities, Weirdness & Mutations

You are too large for most types of armour.
You have tough skin. (AC +1)


Message History

The orc closely misses you. The ogre completely misses you.
You hit the orc but do no damage.
The orc is lightly wounded.
The orc hits you with a hand axe.
You hit the orc but do no damage.
The orc is lightly wounded.
The ogre hits you with a giant spiked club!
The orc hits you but does no damage.
You hit the orc.
The orc is heavily wounded.
The ogre closely misses you.
You hit the orc but do no damage.
The orc is heavily wounded.
The orc hits you with a hand axe.
You closely miss the orc.
The orc is heavily wounded.
The orc barely misses you.
The ogre hits you with a giant spiked club!!
Ouch! That really hurt!
You die...

######.###.##
#.###### #.######
##.#.#######.#
#.......
##..........#
########
#########..####
#.....# #.###.#
#.# *,# #O# *,* ##
#@# *,* #. #o# *,*
#. ######## #.#
*,* #. [......#
#># *,* #<
######>#########.#
*,* #.
#...........###.#
#.
#.###...........#
#. #.#
#.########### #o
#.# #.# #.


You could see an ogre and an orc.

Vanquished Creatures
  A howler monkey skeleton (D:4)
  2 adders (D:3)
  An ooze (D:3)
  A worm (D:3)
  4 dart slugs
  2 orcs (D:3)
  A ball python (D:2)
  2 giant cockroaches
  9 hobgoblins
  2 jackals (D:2)
  8 kobolds
  2 quokkas (D:2)
  6 bats
  A frilled lizard (D:3)
  8 goblins
  6 rats
56 creatures vanquished.

Vanquished Creatures (others)
  A goblin (D:2)
1 creature vanquished.

Grand Total: 57 creatures vanquished

Notes
Turn   | Place    | Note
-------+----------+-------------------------------------------
     0 | D:1      | smhtbhfam the Ogre Wanderer began the quest for the Orb.
     0 | D:1      | smhtbhfam set off with: a +2 robe, a +0 spear, a potion of curing {@q1}, a bread ration
     0 | D:1      | Reached XP level 1. HP: 19/19 MP: 1/1
    16 | D:1      | You fall through a shaft!
    77 | D:1      | Reached skill level 1 in Unarmed Combat
   153 | D:1      | Reached XP level 2. HP: 27/27 MP: 2/2
   404 | D:2      | Reached skill level 2 in Unarmed Combat
   506 | D:2      | Reached XP level 3. HP: 21/33 MP: 3/3
   895 | D:3      | Reached skill level 3 in Unarmed Combat
   980 | D:3      | HP: 4/33 [adder (4)]
   990 | D:3      | Reached XP level 4. HP: 9/41 MP: 4/4
   992 | D:3      | HP: 8/41 [poisoned by an adder]
   997 | D:3      | HP: 7/41 [poisoned by an adder]
  1003 | D:3      | HP: 5/41 [poisoned by an adder]
  1011 | D:3      | HP: 4/41 [poisoned by an adder]
  1569 | D:4      | Noticed an ogre
  1823 | D:3      | nice
  1823 | D:3      | regen amulet
  2177 | D:4      | WHY IS THIS FUCKER ALWAYS WHERE I AM
  2177 | D:4      | JESUS CHRIST
  2177 | D:4      | HOW FUCKING MANY TIMES DO I HAVE TO WALK BETWEEN THE STAIRS TO FINALLY GET RID OF HIM
  2177 | D:4      | speedruns here
  2438 | D:5      | Entered Level 5 of the Dungeon
  2438 | D:5      | Noticed a centaur
  2452 | D:5      | Noticed an ogre
  2557 | D:4      | Ouch! That really hurt!
  2557 | D:4      | Mangled by an ogre

Vault maps used:
D:1:      zaba_arrival_water
D:2:      elyvilon_altar_4
D:4:      first_bread

Skill      XL: |  1  2  3 |
---------------+----------+-----
Unarmed Combat | 1 2 3 |  3.8
Fighting       | |  1.3
Polearms       | |  2.0
Crossbows      | |  1.0
Dodging        | |  2.6
Stealth        | |  1.0
Shields        | |  1.7

Action                   |  1- 3 |  4- 6 || total
-------------------------+-------+-------++-------
Melee: Spear             |   228 |   107 ||   335
       Punch             |     1 |     1 ||     2
 Fire: Hunting sling     |     3 |     3 ||     6
  Use: Potion            |     5 |       ||     5
       Scroll            |       |     5 ||     5
 Stab: Sleeping          |     2 |       ||     2
  Eat: Chunk             |       |     6 ||     6
Armor: Robe              |    69 |    25 ||    94
Dodge: Dodged            |   111 |    40 ||   151
